 Dungeon Crawl Stone Soup version 0.29-a0-872-g797fff5ad1 (webtiles) character file.

Game seed: 13405413044246839251

3112 Hubjo the Changer (level 9, -6/133 HPs)
             Began as a Demonspawn Transmuter on July 18, 2022.
             Was an Elder of Kikubaaqudgha.
             Mangled by a gnoll sergeant
             ... wielding a +2 trident of flaming
              (10 damage)
             ... on level 8 of the Dungeon.
             The game lasted 00:14:23 (9564 turns).

Hubjo the Changer (Demonspawn Transmuter)           Turns: 9564, Time: 00:14:24

Health: -6/133     AC: 11    Str: 11    XL:     9   Next: 60%
Magic:  9/17       EV: 15    Int: 19    God:    Kikubaaqudgha [****..]
Gold:   311        SH:  5    Dex: 13    Spells: 7/18 levels left

rFire   x . .      SeeInvis .     - Unarmed
rCold   + + +      Faith    .   (shield currently unavailable)
rNeg    . . .      Spirit   .   (body armour currently unavailable)
rPois   +          Reflect  +   (helmet currently unavailable)
rElec   .          Harm     .   (cloak currently unavailable)
rCorr   .          Rampage  .   (gloves currently unavailable)
Will    .....                   (boots currently unavailable)
Stlth   ..........              m - amulet of reflection
HPRegen 0.32/turn               v - ring of wizardry
MPRegen 0.15/turn               o - +4 ring of protection

@: agile, berserking, ice-form, very slightly contaminated, very quick
A: freezing attack, amphibious, boosted hp, large, powered by pain 2, demonic
magic 1, (demonic touch 2), robust 1
a: End Transformation, Renounce Religion, Unearth Wretches


You were on level 8 of the Dungeon.
You worshipped Kikubaaqudgha.
Kikubaaqudgha was greatly pleased with you.
You were a creature of crystalline ice.
You visited 1 branch of the dungeon, and saw 8 of its levels.

You collected 311 gold pieces.

Inventory:

Hand Weapons
 e - the +5 dagger of Ygixenua {freeze, Contam rN+ Str+2 Int+5}
   (You found it on level 3 of the Dungeon)

   It freezes those it strikes, dealing additional cold damage.
   It can also slow down cold-blooded creatures.
   Str:       It affects your strength (+2).
   Int:       It affects your intelligence (+5).
   rN:        It protects you from negative energy.
   Contam:    It causes magical contamination when unequipped.
Armour
 a - a +0 robe
 f - a +2 helmet
 u - a +1 robe of willpower (melded)
 z - the +3 leather armour of Sif Muna's Supremacy {Regen+ Stlth+}
   (You found it on level 8 of the Dungeon)

   Regen:     It increases your rate of health regeneration.
   Stlth:     It makes you more stealthy.
Jewellery
 d - a ring of flight
 g - a ring of protection from cold
 m - an amulet of reflection (around neck)
 o - a +4 ring of protection (right front paw)
 q - a ring of protection from cold
 v - a ring of wizardry (left front paw)
 y - a ring of magical power
Wands
 h - a wand of acid (6)
 l - a wand of flame (24)
 r - a wand of digging (7)
Scrolls
 c - a scroll of fog
 j - 2 scrolls of teleportation
 n - a scroll of amnesia
 s - a scroll of vulnerability
 x - a scroll of fear
Potions
 b - a potion of lignification
 i - 2 potions of attraction
 k - 3 potions of resistance
 p - a potion of berserk rage
 t - a potion of brilliance
 w - a potion of curing


   Skills:
 + Level 5.6 Fighting
 - Level 1.7 Dodging
 + Level 5.6 Unarmed Combat
 + Level 5.3 Spellcasting
 - Level 5.3 Necromancy
 - Level 6.1 Transmutations
 * Level 4.1 Ice Magic


You had 7 spell levels left.
You knew the following spells:

 Your Spells              Type           Power      Damage    Failure   Level
a - Beastly Appendage     Tmut           56%        N/A       1%          1
b - Ice Form              Ice/Tmut       24%        N/A       6%          4
c - Simulacrum            Ice/Necr       11%        N/A       67%         6

Your spell library contained the following spells:

 Spells                   Type           Power      Damage    Failure   Level
 Necrotise                Necr           100%       1d9       1%          1
 Sublimation of Blood     Necr           25%        N/A       1%          2
 Wereblood                Tmut           28%        N/A       1%          2
 Vampiric Draining        Necr           25%        2d7       1%          3
 Ozocubu's Armour         Ice            20%        N/A       2%          3
 Ensorcelled Hibernation  Hex/Ice        26%        N/A       3%          2
 Apportation              Tloc           10%        N/A       4%          1
 Magic Dart               Conj           20%        1d4       4%          1
 Summon Small Mammal      Summ           20%        N/A       4%          1
 Spider Form              Tmut/Pois      16%        N/A       4%          3
 Animate Dead             Necr           25%        N/A       5%          4
 Dispel Undead            Necr           25%        3d12      5%          4
 Call Imp                 Summ           5%         N/A       8%          2
 Dazzling Flash           Conj/Hex       10%        N/A       14%         3
 Mephitic Cloud           Conj/Pois/Air  5%         N/A       14%         3
 Anguish                  Hex/Necr       7%         N/A       16%         4
 Agony                    Necr           25%        N/A       16%         5
 Borgnjor's Vile Clutch   Necr/Erth      7%         N/A       38%         5
 Iskenderun's Mystic Bla  Conj/Tloc      5%         2d3       41%         4
 Death Channel            Necr           12%        N/A       58%         6
 Starburst                Conj/Fire      2%         6d3       99%         6
 Ozocubu's Refrigeration  Ice            10%        4d7       99%         7
 Enfeeble                 Hex            2%         N/A       100%        7
 Haunt                    Necr/Summ      7%         N/A       100%        7
 Infestation              Necr           12%        N/A       100%        8


Dungeon Overview and Level Annotations

Branches:
Dungeon (8/15)             Temple (0/1) D:6
   Lair: D:8-11

Altars:
Kikubaaqudgha
Makhleb
Nemelex Xobeh
Uskayaw

Shops:
D:6 =


Innate Abilities, Weirdness & Mutations

You are a creature of crystalline ice.
You have a powerful freezing melee attack.
You are amphibious.
Your maximum health is increased.
Your armour is entirely melded.
You are incapable of wielding weapons or throwing items.
You sometimes gain power by taking damage.
Spells you cast may paralyse adjacent enemies.
((Your touch may inflict irresistible damage on your foes.))
You are robust. (+10% HP)


Message History

The gnoll sergeant hits you from afar with a +2 trident of flaming!
The gnoll sergeant burns you.
The gnoll hits you from afar with a +3 halberd!
You focus on the pain.
You feel agile all of a sudden. The gnoll closely misses you.
Casting: Ice Form (dangerous; 6% risk of failure)
Confirm with . or Enter, or press ? or * to list all spells.
Your horns disappear.
Your talons disappear.
You turn into a creature of crystalline ice.
Your +1 robe of willpower melds into your body.
You feel less strong-willed. Malevolent energies surge around you.
The gnoll hits you from afar with a +3 halberd!
* * * LOW HITPOINT WARNING * * *
The gnoll closely misses you.
The gnoll sergeant hits you from afar with a +2 trident of flaming!
* * * LOW HITPOINT WARNING * * *
You focus on the pain.
You feel more agile all of a sudden. The gnoll sergeant melts you.
* * * LOW HITPOINT WARNING * * *
A red film seems to cover your vision as you go berserk!
You feel yourself moving faster!
You feel mighty!
The gnoll sergeant hits you from afar with a +2 trident of flaming.
* * * LOW HITPOINT WARNING * * *
The gnoll sergeant melts you.
* * * LOW HITPOINT WARNING * * *
The gnoll barely misses you. The gnoll hits you with a +0 whip.
* * * LOW HITPOINT WARNING * * *
You punch the gnoll! You freeze the gnoll.
You kill the gnoll!
Kikubaaqudgha accepts your kill. The gnoll misses you.
The gnoll sergeant closely misses you.
Things that are here:
a +0 spear; a gnoll corpse You punch the gnoll sergeant!
You freeze the gnoll sergeant.
The gnoll sergeant is severely wounded.
The gnoll sergeant hits you with a +2 trident of flaming!
You die...
Kikubaaqudgha rasps: "You have failed me!
Welcome... death!"

### #.####.###. ..##
##.##...####
#..####....##....#
#.........##.....
#....#...###..## .
##...#...# #..## ...
##.....#..# ##...
#....###)........# #..#
#....gY).........# #.##
......g...........##..#
..................#..##
.....................
.....>...........###.
............####.. #.
......#....## .. ##
.....##....#


You could see a gnoll sergeant and a gnoll.

Vanquished Creatures
  A two-headed ogre (D:7)
  Prince Ribbit (D:5)
  The ghost of Tollund the Insei, an amateur OpTm (D:3)
  Duvessa (D:5)
  An orc warrior (D:7)
  2 sky beasts (D:7)
  2 ogres
  4 phantoms
  A necrophage (D:5)
  3 bullfrogs
  3 scorpions
  Dowan (D:5)
  2 electric eels (D:6)
  9 hounds
  An orc priest (D:6)
  A gnoll bouda (D:5)
  An iguana (D:7)
  6 orc wizards
  7 gnolls
  14 adders
  2 white imps (D:5)
  3 ufetubi
  3 worms
  29 orcs
  3 bats
  4 endoplasms
  3 giant cockroaches
  12 goblins
  3 hobgoblins
  3 jackals
  3 quokkas
  5 frilled lizards
  9 kobolds
  5 rats
149 creatures vanquished.

Notes
Turn   | Place    | Note
-------+----------+-------------------------------------------
     0 | D:1      | Hubjo the Demonspawn Transmuter began the quest for the
                  | Orb.
     0 | D:1      | Reached XP level 1. HP: 15/15 MP: 3/3
   165 | D:1      | Found a faded altar of an unknown god.
   242 | D:1      | Reached skill level 2 in Transmutations
   297 | D:1      | Prayed at the altar of an unknown god.
   297 | D:1      | Became a worshipper of Kikubaaqudgha
   297 | D:1      | Reached * piety under Kikubaaqudgha
   297 | D:1      | Received a gift from Kikubaaqudgha
   471 | D:1      | Gained mutation: Spells you cast may paralyse adjacent
                  | enemies. [demonic ancestry]
   471 | D:1      | Reached XP level 2. HP: 20/21 MP: 3/5
   957 | D:2      | Gained mutation: You sometimes gain a little power by
                  | taking damage. [demonic ancestry]
   957 | D:2      | Reached XP level 3. HP: 23/26 MP: 4/6
  1372 | D:2      | Reached skill level 1 in Necromancy
  1511 | D:2      | Reached ** piety under Kikubaaqudgha
  1512 | D:2      | Gained mutation: You sometimes gain power by taking damage.
                  | [demonic ancestry]
  1512 | D:2      | Reached XP level 4. HP: 32/33 MP: 5/7
  2179 | D:3      | Found an ancient bone altar of Kikubaaqudgha.
  2262 | D:3      | Found a runed translucent door.
  2266 | D:3      | Noticed a bullfrog
  2267 | D:3      | Noticed Tollund's ghost (amateur OpTm)
  2676 | D:3      | Reached skill level 3 in Transmutations
  2745 | D:3      | Noticed a phantom
  2759 | D:3      | Killed a phantom
  2760 | D:3      | Reached XP level 5. HP: 22/39 MP: 7/9
  2970 | D:3      | Learned a level 4 spell: Ice Form
  3317 | D:3      | Identified the +5 dagger of Ygixenua {freeze, Contam rN+
                  | Str+2 Int+5}
  3482 | D:3      | Gained mutation: Your muscles are strong. (Str +4, Int/Dex
                  | -1) [potion of mutation]
  3482 | D:3      | Lost mutation: Your muscles are strong. (Str +4, Int/Dex
                  | -1) [potion of mutation]
  3482 | D:3      | Gained mutation: You are robust. (+10% HP) [potion of
                  | mutation]
  3494 | D:3      | Gained mutation: Your touch may inflict minor irresistible
                  | damage on your foes. [demonic ancestry]
  3494 | D:3      | Reached XP level 6. HP: 33/50 MP: 8/10
  3498 | D:3      | Killed Tollund's ghost
  3499 | D:3      | Reached skill level 1 in Ice Magic
  3926 | D:4      | Reached skill level 4 in Transmutations
  4548 | D:4      | Reached XP level 7. HP: 39/57 MP: 12/12
  5083 | D:5      | Entered Level 5 of the Dungeon
  5108 | D:5      | Reached *** piety under Kikubaaqudgha
  5108 | D:5      | Received a gift from Kikubaaqudgha
  5168 | D:5      | Learned a level 6 spell: Simulacrum
  5737 | D:5      | Found a sparkling altar of Nemelex Xobeh.
  5857 | D:5      | Noticed Duvessa
  5861 | D:5      | Noticed Dowan
  5871 | D:5      | Killed Duvessa
  5872 | D:5      | Reached skill level 5 in Transmutations
  5872 | D:5      | Gained mutation: Your touch may inflict irresistible damage
                  | on your foes. [demonic ancestry]
  5872 | D:5      | Reached XP level 8. HP: 32/66 MP: 11/14
  5883 | D:5      | Killed Dowan
  6286 | D:5      | Noticed Prince Ribbit
  6311 | D:5      | Killed Prince Ribbit
  6878 | D:6      | Found a staircase to the Ecumenical Temple.
  6921 | D:6      | Found Kusyxiqi's One-of-a-Kind Rings.
  6946 | D:6      | Found a burning altar of Makhleb.
  7907 | D:6      | Found a hide-covered altar of Uskayaw.
  8046 | D:6      | Reached skill level 5 in Unarmed Combat
  8297 | D:7      | Reached XP level 9. HP: 54/73 MP: 11/16
  8613 | D:7      | Reached skill level 5 in Fighting
  8917 | D:7      | Reached skill level 5 in Spellcasting
  9203 | D:7      | Noticed a two-headed ogre
  9210 | D:7      | Killed a two-headed ogre
  9211 | D:7      | Reached skill level 5 in Necromancy
  9211 | D:7      | Reached skill level 6 in Transmutations
  9478 | D:8      | Reached **** piety under Kikubaaqudgha
  9546 | D:8      | Identified the +3 leather armour of Sif Muna's Supremacy
                  | {Regen+ Stlth+}
  9561 | D:8      | HP: 6/133 [gnoll sergeant/+2 trident of flaming (6)]
  9564 | D:8      | Mangled by a gnoll sergeant

Illustrated notes

Levels and vault maps discovered:
D:1:      minmay_arrival_five_plusses, layout_rooms,
          shapermc_ecumenical_altar_pompeii, chequers_arboretum, minmay_ruptured
D:2:      layout_rooms, dreamdust_princess_bridge, minmay_fractal_squares_5
D:3:      layout_basic, kiku_gazebo_garden_becter, ebering_ghost_sewer_d
D:4:      layout_basic, chequers_garden
D:5:      layout_loops_ring, nemelex_diamond_rough_becter, nrook_mini_vaults,
          minmay_puff, uniq_duvessa, uniq_prince_ribbit1
D:6:      layout_cave_pools, mainiacjoe_overflow_catwalk,
          mainiacjoe_overflow_24_doors, minmay_temple_entry_junction_2,
          serial_column_ruins, column_ruins_grid_1,
          column_ruins_open_small_water, column_ruins_corridor_dead_end,
          column_ruins_corridor_straight, kennysheep_big_empty_room,
          nicolae_shop_unique_rings
D:7:      layout_gridville, enter_bailey_2
D:8:      layout_layer_cave, chequers_temple_overflow_statue_of_worship,
          uniq_gastronok

Skill      XL: |  1  2  3  4  5  6  7  8  9 |
---------------+----------------------------+-----
Transmutations | 2 3 4 5 6 |  6.1
Unarmed Combat | 3 4 5 |  5.6
Necromancy     | 1 3 5 |  5.3
Fighting       | 2 3 4 5 |  5.6
Spellcasting   | 3 4 5 |  5.3
Ice Magic      | 1 3 4 |  4.1
Dodging        | |  1.7

Action                   |  1- 3 |  4- 6 |  7- 9 || total
-------------------------+-------+-------+-------++-------
Melee: Unarmed           |    78 |   147 |   270 ||   495
       Kick              |    17 |    33 |    61 ||   111
       Headbutt          |     8 |    24 |    31 ||    63
       Punch             |     1 |     4 |     7 ||    12
       Touch             |       |     3 |    26 ||    29
 Cast: Beastly Appendage |    19 |    37 |    51 ||   107
       Ice Form          |       |       |     9 ||     9
Evoke: Wand              |       |       |     1 ||     1
  Use: Scroll            |       |     5 |     9 ||    14
       Potion            |       |     5 |     2 ||     7
 Stab: Paralysed         |       |     1 |     8 ||     9
       Sleeping          |       |     1 |       ||     1
Armor: Robe              |    10 |    15 |    41 ||    66
       Skin              |       |       |    18 ||    18
Dodge: Dodged            |    30 |    61 |   114 ||   205
Block: Other             |       |    18 |    46 ||    64
       Reflection        |       |       |     2 ||     2

Table legend: (Time is in decaauts)
 A = Elapsed time spent in this place.
 B = Non-inter-level travel time spent in this place.
 C = Inter-level travel time spent in this place.
 D = Time resting spent in this place.
 E = Time spent auto-exploring this place.
 F = Levels seen in this place.
 G = Mean time per level.
                   A        B        C        D        E       F      G
               +--------+--------+--------+--------+--------+-----+--------+
         Total |   9511 |   9089 |    422 |    587 |   7301 |   8 | 1188.9 |
       Dungeon |   9511 |   9089 |    422 |    587 |   7301 |   8 | 1188.9 |
               +--------+--------+--------+--------+--------+-----+--------+

Top non-repeatable levels by time:
     D:6: 1661 daAuts
     D:3: 1622 daAuts
     D:5: 1417 daAuts
     D:7: 1289 daAuts
     D:4: 1280 daAuts
     D:2: 1203 daAuts
     D:1: 947 daAuts
     D:8: 89 daAuts
